AoeStats
← MurderHoles

Scandinavia

510841626Analyzed
1v1 RM · 12h ago on Oct 2, 2026· 29m 9s· 2 players
Game mode
Random Map
Map size
Tiny (2 player)
Population
200
Speed
Normal
Resources
Standard
Victory
Conquest
Starting age
Dark Age
Ending age
Imperial Age
RankedLock teamsTeams togetherTeam positionsShared explorationLock speedFull tech treeHidden civsTurbo modeCheats
Victory
Defeat
🇺🇸 Varangians · United States
987
+15
🇺🇾 Danes · Uruguay
975
-15
Guillito P
6:56 Loom
11:18 Feudal Age
12:12 Double-Bit Axe
12:41 Horse Collar
15:44 Bloodlines
15:41 Scale Barding Armor
16:38 Wheelbarrow
16:21 Gold Mining
21:40 Castle Age
21:01 Forging
21:54 Scale Mail Armor
22:24 Scale Mail Armor
22:34 Squires
26:59 Chain Mail Armor
27:35 Town Watch
MurderHoles
5:54 Loom
12:00 Feudal Age
15:22 Bloodlines
17:16 Castle Age
16:25 Forging
16:27 Double-Bit Axe
19:47 Husbandry
27:08 Wheelbarrow
26:18 Horse Collar
27:05 Squires
Connection lost

Rejoining the realm…

Still unreachable

The connection could not be restored.

Session expired

The server has moved on; the page needs a fresh start.